 Dungeon Crawl Stone Soup version 0.25.1-2-g60ff931df9 (webtiles) character file.

Game seed: 16974316357111557401

776 DogServant the Skirmisher (level 7, -6/59 HPs)
             Began as a Demonspawn Fighter on Oct 22, 2020.
             Was a Follower of Qazlal.
             Mangled by an ogre
             ... wielding a +0 giant spiked club
              (11 damage)
             ... on level 4 of the Dungeon.
             The game lasted 00:06:36 (3814 turns).

DogServant the Skirmisher (Demonspawn Fighter)      Turns: 3814, Time: 00:06:37

Health: -6/59      AC: 13    Str: 18    XL:     7   Next: 54%
Magic:  3/7        EV:  4    Int:  9    God:    Qazlal [*.....]
Gold:   210        SH: 11    Dex: 13    Spells: 6/6 levels left

rFire    + . .     SeeInvis .   a - +0 long sword
rCold    + . .     Gourm    .   c - +0 kite shield
rNeg     + . .     Faith    .   l - +2 chain mail {rPois}
rPois    +         Spirit   .   (helmet restricted)
rElec    .         Reflect  .   n - scarf {rC+ rF+}
rCorr    .         Harm     .   (no gloves)
MR       .....                  (no boots)
Stlth    ..........             (no amulet)
HPRegen  0.19/turn              q - ring of positive energy
MPRegen  0.10/turn              (no ring)

@: no status effects
A: antennae 1, thin metallic scales 2, rot immunity
a: Renounce Religion


You were on level 4 of the Dungeon.
You worshipped Qazlal.
Qazlal was aware of your devotion.
You were not hungry.

You visited 1 branch of the dungeon, and saw 5 of its levels.

You collected 210 gold pieces.

Inventory:

Hand Weapons
 a - a +0 long sword (weapon)
Armour
 b - a +0 scale mail
 c - a +0 kite shield (worn)
 l - a +2 chain mail of poison resistance (worn)
 n - a scarf of resistance (worn)
Jewellery
 q - a ring of positive energy (left hand)
 r - an uncursed ring of resist corrosion {unknown}
Scrolls
 g - 4 scrolls of identify
 h - a scroll of blinking {unknown}
 i - 2 scrolls of teleportation
 j - 2 scrolls of remove curse {unknown}
 m - a scroll of enchant armour
 p - a scroll of fear {unknown}
 s - a scroll of random uselessness {unknown}
Potions
 d - 3 potions of might
 e - 2 potions of curing
 k - a potion of ambrosia
 o - 2 potions of mutation {unknown}
 u - a potion of lignification {unknown}
Comestibles
 f - 7 rations
 t - a chunk of flesh


   Skills:
 + Level 6.7 Fighting
 + Level 5.7 Long Blades
 - Level 2.6 Armour
 - Level 2.6 Shields


You had 6 spell levels left.
You didn't know any spells.
Your spell library was empty.

Dungeon Overview and Level Annotations

Branches:
Dungeon (5/15)
 Temple: D:4-7

Altars:
Dithmenos
Gozag
Kikubaaqudgha
Qazlal


Innate Abilities, Weirdness & Mutations

You have a pair of small antennae on your head.
You are mostly covered in thin metallic scales. (AC +3)
You are immune to rotting.


Message History

Aiming: Upheaval
Press: ? - help, Dir - move target cursor, f - howler monkey
Aim: a howler monkey (catching its breath)
A storm cloud blasts the area with cutting wind!
The cutting wind hits the howler monkey!
The howler monkey is severely wounded.
You can no longer call upon nature to destroy your foes.
The howler monkey is struck by lightning.
You kill the howler monkey!
Qazlal accepts your kill.
Okay, then.
You see here 19 bolts.
You hit the ogre.
The ogre is moderately wounded.
The ogre hits you with a +0 giant spiked club!
* * * LOW HITPOINT WARNING * * *
You hit the ogre.
The ogre is moderately wounded.
The ogre hits you with a +0 giant spiked club!
You die...

#.........^# ....
#####.###### ...! #.#..#
..... #.#..# ...... #.#..##
#####....." ##.....#
####.......... #...##.####
#.............
##..###....#####†##..##...>..
##......###...@O..##>##
......
##........######†...†.# .....
##..........####....####
..... .................#..##
.... .......!..>.######...#
.... ............# ##..#.#
............# #..##.#
..#........###...## .#
............##.## .#


You could see an ogre.

Vanquished Creatures
  Sigmund (D:2)
  An ice beast (D:5)
  A scorpion (D:5)
  2 howler monkeys (D:4)
  2 crimson imps (D:5)
  A jelly (D:5)
  An orc wizard (D:3)
  2 worker ants (D:4)
  A howler monkey zombie (D:5)
  3 gnolls (D:3)
  7 adders
  2 shadow imps (D:5)
  An ooze (D:4)
  An adder zombie (D:5)
  3 worms
  5 dart slugs
  4 leopard geckos
  6 orcs (D:3)
  10 bats
  5 giant cockroaches
  5 goblins
  5 hobgoblins
  9 jackals
  4 kobolds
  2 quokkas
  A ball python skeleton (D:5)
  6 frilled lizards
  10 rats
101 creatures vanquished.

Vanquished Creatures (others)
  A human (D:5)
  A worm (D:2)
2 creatures vanquished.

Grand Total: 103 creatures vanquished

Notes
Turn   | Place    | Note
-------+----------+-------------------------------------------
     0 | D:1      | DogServant the Demonspawn Fighter began the quest for the
                  | Orb.
     0 | D:1      | Reached XP level 1. HP: 18/18 MP: 1/1
   307 | D:1      | Gained mutation: You are partially covered in thin metallic
                  | scales. (AC +2) [demonic ancestry]
   307 | D:1      | Reached XP level 2. HP: 24/24 MP: 2/2
   771 | D:2      | Gained mutation: You have a pair of small antennae on your
                  | head. [demonic ancestry]
   771 | D:2      | Reached XP level 3. HP: 30/30 MP: 3/3
   988 | D:2      | Found a stormy altar of Qazlal.
  1068 | D:2      | Noticed Sigmund
  1095 | D:2      | Killed Sigmund
  1095 | D:2      | Reached skill level 4 in Fighting
  1095 | D:2      | Reached XP level 4. HP: 38/38 MP: 4/4
  1095 | D:2      | Gained mutation: You are immune to rotting. [demonic
                  | ancestry]
  1095 | D:2      | Reached XP level 5. HP: 43/43 MP: 5/5
  1126 | D:3      | Reached skill level 5 in Fighting
  1513 | D:2      | Became a worshipper of Qazlal Stormbringer
  1747 | D:3      | Reached XP level 6. HP: 29/51 MP: 6/6
  2209 | D:3      | Reached * piety under Qazlal
  2703 | D:3      | You fall into a shaft and drop 2 floors!
  2703 | D:5      | Entered Level 5 of the Dungeon
  2748 | D:5      | Noticed an ice beast
  2762 | D:5      | Killed an ice beast
  2762 | D:5      | Reached skill level 6 in Fighting
  2762 | D:5      | Reached skill level 5 in Long Blades
  2762 | D:5      | Gained mutation: You are mostly covered in thin metallic
                  | scales. (AC +3) [demonic ancestry]
  2762 | D:5      | Reached XP level 7. HP: 27/58 MP: 7/7
  2997 | D:5      | Found a shadowy altar of Dithmenos.
  3286 | D:5      | Found an ancient bone altar of Kikubaaqudgha.
  3287 | D:5      | Found an ancient bone altar of Kikubaaqudgha.
  3287 | D:5      | Found an opulent altar of Gozag.
  3312 | D:5      | Noticed a human
  3315 | D:5      | Killed a human
  3805 | D:4      | Reached ** piety under Qazlal
  3814 | D:4      | Mangled by an ogre

Illustrated notes

Levels and vault maps discovered:
D:1:      lemuel_arrival_river_bridge, layout_basic
D:2:      layout_basic, first_ration, grunt_qazlal_clouds, uniq_sigmund
D:3:      layout_loops_ring, nicolae_ru_path_of_blood, minitemple
D:4:      layout_rooms, cheibrodos_ashenzari_chains
D:5:      wander_river, layout_cave_pools, grunt_dithmenos_shadows,
          chequers_temple_overflow_statue_of_worship, tgw_kikubaaqudgha

Skill      XL: |  1  2  3  4  5  6 |
---------------+-------------------+-----
Long Blades    | 2 4 5 |  5.7
Fighting       | 4 5 6 |  6.7
Armour         | |  2.6
Shields        | |  2.6

Action                   |  1- 3 |  4- 6 |  7- 9 || total
-------------------------+-------+-------+-------++-------
Melee: Long sword        |   106 |   218 |    67 ||   391
Invok: Upheaval          |       |       |     1 ||     1
  Use: Scroll            |     3 |     1 |       ||     4
       Potion            |     1 |       |       ||     1
  Eat: Chunk             |     1 |     5 |     1 ||     7
       Ration            |       |       |     1 ||     1
Armor: Scale mail        |    38 |       |       ||    38
       Chain mail        |    16 |   168 |    76 ||   260
Dodge: Dodged            |    35 |    31 |    22 ||    88
Block: Kite shield       |    61 |   120 |    53 ||   234
       Rpst.: Long sword |     9 |     8 |     7 ||    24
